 Dungeon Crawl Stone Soup version 0.21-a0-531-gacddea6 (webtiles) character file.

16 Amnesiac the Vexing (level 2, -1/16 HPs)
             Began as a Deep Elf Arcane Marksman on Dec 12, 2017.
             Slain by an adder (2 damage)
             ... on level 2 of the Dungeon.
             The game lasted 00:01:12 (945 turns).

Amnesiac the Vexing (Deep Elf Arcane Marksman)       Turns: 945, Time: 00:01:13

Health: -1/16      AC:  2    Str:  7    XL:     2   Next: 41%
Magic:  5/7        EV: 13    Int: 17    God:
Gold:   31         SH:  0    Dex: 15    Spells: 2/5 levels left

rFire    . . .     SeeInvis .   a - +0 shortbow
rCold    . . .     Gourm    .   (shield currently unavailable)
rNeg     . . .     Faith    .   e - +0 robe
rPois    .         Spirit   .   (no helmet)
rElec    .         Reflect  .   (no cloak)
rCorr    .         Harm     .   (no gloves)
MR       .....                  (no boots)
Stlth    +.........             (no amulet)
HPRegen  0.05/turn              (no ring)
MPRegen  0.10/turn              (no ring)

@: lethally poisoned (-1 -> -7)
A: no striking features
a: no special abilities


You were on level 2 of the Dungeon.
You were not hungry.

You visited 1 branch of the dungeon, and saw 2 of its levels.

You collected 31 gold pieces.

Inventory:

Hand Weapons
 a - a +0 shortbow (weapon)
Missiles
 d - 8 arrows (quivered)
Armour
 e - a +0 robe (worn)
Scrolls
 b - a scroll of remove curse {!r, unknown}
 g - 2 scrolls of identify {!r, unknown}
Books
 c - a book of Debilitation

   Spells                             Type                      Level
   a - Corona                         Hexes                        1
   b - Slow                           Hexes                        2
   c - Inner Flame                    Hexes/Fire                   3
   d - Portal Projectile              Hexes/Translocation          3
   e - Cause Fear                     Hexes                        4
   f - Leda's Liquefaction            Hexes/Earth                  4
Comestibles
 f - a bread ration
 h - a fruit


   Skills:
 - Level 1.0 Fighting
 * Level 2.8 Bows
 + Level 2.7 Dodging
 + Level 2.1 Spellcasting
 - Level 4.0 Hexes


You had 2 spell levels left.
You knew the following spells:

 Your Spells              Type           Power        Failure   Level  Hunger
a - Corona                Hex            ###....      3%          1    #......
e - Slow                  Hex            ###.....     5%          2    ###....


Dungeon Overview and Level Annotations

Branches:
Dungeon (2/15)

Altars:


Message History

Found 25 sling bullets.
You see here 25 sling bullets.
Found 23 stones.
You see here 23 stones.
Done exploring.
Done exploring.
Done exploring.
Done exploring.
Search for what [? for help]? short You see here 25 sling bullets.
You see here a rat skeleton.
There is a stone staircase leading down here.
You climb downwards.
An adder comes into view.
Found 7 tomahawks and a bread ration.
Found a stone staircase leading up.
There is a stone staircase leading up here.
Firing (i - inventory):
d - 13 arrows (quivered)
Press: ? - help, Shift-Dir - straight line, f - adder
Aim: an adder (resting)
You shoot an arrow. The arrow hits the adder.
The adder is heavily wounded.
The adder closely misses you.
Casting: Corona
Confirm with . or Enter, or press ? or * to list all spells.
Aiming: Corona
Press: ? - help, Shift-Dir - straight line, f/p - adder
Aim: an adder (heavily wounded, chance to defeat MR: 61%)
The adder struggles to resist.
The adder bites you.
You are poisoned.
The adder poisons you!
Casting: Corona
Confirm with . or Enter, or press ? or * to list all spells.
Aiming: Corona
Press: ? - help, Shift-Dir - straight line, f/p - adder
Aim: an adder (heavily wounded, chance to defeat MR: 61%)
The adder is outlined in light.
You feel sick. The adder closely misses you. The adder bites you.
Firing (i - inventory):
d - 12 arrows (quivered)
Press: ? - help, Shift-Dir - straight line, f/p - adder
Aim: an adder (heavily wounded, softly glowing)
You shoot an arrow. The arrow barely misses the adder.
The adder closely misses you.
Firing (i - inventory):
d - 11 arrows (quivered)
Press: ? - help, Shift-Dir - straight line, f/p - adder
Aim: an adder (heavily wounded, softly glowing)
You shoot an arrow. The arrow barely misses the adder.
The adder closely misses you. The adder bites you.
* * * LOW HITPOINT WARNING * * *
Firing (i - inventory):
d - 10 arrows (quivered)
Press: ? - help, Shift-Dir - straight line, f/p - adder
Aim: an adder (heavily wounded, softly glowing)
You shoot an arrow. The arrow closely misses the adder.
You feel sick. The adder bites you.
* * * LOW HITPOINT WARNING * * *
You are more poisoned.
The adder poisons you!
Firing (i - inventory):
d - 9 arrows (quivered)
Press: ? - help, Shift-Dir - straight line, f/p - adder
Aim: an adder (heavily wounded, softly glowing)
You shoot an arrow.
The arrow hits the adder but does no damage.
The adder is heavily wounded.
The adder bites you.
You die...

# #. #..
#..####
#....(#
#.....###.##.
#....@.......
#....S###.##.
##....#
#...%(#
#.##### #. #


You could see an adder.

Vanquished Creatures
  2 dart slugs (D:1)
  A leopard gecko (D:1)
  2 giant cockroaches (D:1)
  A kobold (D:1)
  A bat (D:1)
  A frilled lizard (D:1)
  2 goblins (D:1)
  2 rats (D:1)
12 creatures vanquished.

Notes
Turn   | Place    | Note
-------+----------+-------------------------------------------
     0 | D:1      | Amnesiac the Deep Elf Arcane Marksman began the quest for the Orb.
     0 | D:1      | Reached XP level 1. HP: 11/11 MP: 5/5
   354 | D:1      | Reached skill level 1 in Fighting
   429 | D:1      | Reached XP level 2. HP: 12/16 MP: 4/6
   435 | D:1      | Learned a level 2 spell: Slow
   945 | D:2      | Slain by an adder

Vault maps used:
D:1:      lemuel_arrival_behind_the_door_small
D:2:      overflow_temple_1_default

Skill      XL: |  1  2 |
---------------+-------+-----
Fighting       | 1 |  1.0
Spellcasting   | 2 |  2.1
Bows           | |  2.8
Dodging        | |  2.7
Hexes          | |  4.0

Action                   || total
-------------------------++-------
 Fire: Shortbow          ||    41
 Cast: Corona            ||    14
Armor: Robe              ||     4
Dodge: Dodged            ||    13

Table legend:
 A = Spawn XP
 B = Non-spawn XP
 C = Spawn XP percentage of total XP
 D = Spawn monster count
 E = Non-spawn monster count
 F = Spawn count percentage of total count
 G = Total turns spent on level
                    A         B        C        D         E        F      G
               +---------+---------+-------+---------+---------+-------+---------
         Total |       0 |      24 |   0.0 |       0 |      12 |   0.0 |   945
               +---------+---------+-------+---------+---------+-------+---------
           D:1 |       0 |      24 |   0.0 |       0 |      12 |   0.0 |   938
               +---------+---------+-------+---------+---------+-------+---------
